 Dungeon Crawl Stone Soup version 0.26.1-10-gdfb7c7de75 (webtiles) character file.

Game seed: 6807451780823927896

176 oldmanjim the Skirmisher (level 5, -1/46 HPs)
             Began as a Draconian Transmuter on Apr 1, 2021.
             Slain by an orc
             ... wielding a +0 hand axe
              (5 damage)
             ... while paralysed by Grinder
             ... on level 2 of the Dungeon.
             The game lasted 00:08:35 (3213 turns).

oldmanjim the Skirmisher (Draconian Transmuter)     Turns: 3213, Time: 00:08:36

Health: -1/46      AC:  6    Str: 13    XL:     5   Next: 30%
Magic:  8/8        EV:  2    Int: 14    God:
Gold:   74         SH:  0    Dex: 11    Spells: 7/8 levels left

rFire    . . .     SeeInvis +     - Unarmed
rCold    . . .     Faith    .   (no shield)
rNeg     . . .     Spirit   .   (armour unavailable)
rPois    .         Reflect  .   (helmet restricted)
rElec    .         Harm     .   (no cloak)
rCorr    .         Rampage  .   l - +0 pair of gloves
Will     .....                  (no boots)
Stlth    +.........             (no amulet)
HPRegen  0.15/turn              i - ring of see invisible
MPRegen  0.11/turn              (no ring)

@: paralysed
A: unfitting armour, cold-blooded, AC +5
a: no special abilities


You were on level 2 of the Dungeon.
You visited 1 branch of the dungeon, and saw 3 of its levels.

You collected 74 gold pieces.

Inventory:

Hand Weapons
 b - a +0 hunting sling
Missiles
 f - 106 stones
 g - 5 boomerangs
 h - 4 poisoned darts
 s - 9 sling bullets
Armour
 l - a +0 pair of gloves (worn)
Jewellery
 i - a ring of see invisible (left hand)
 p - an uncursed ring of willpower {unknown}
Scrolls
 a - a scroll of fear {unknown}
 d - 3 scrolls of identify {unknown}
 j - 2 scrolls of immolation {unknown}
 k - 2 scrolls of teleportation {unknown}
 n - a scroll of amnesia {unknown}
Potions
 c - 3 potions of resistance {unknown}
 e - a potion of haste {unknown}
 m - a potion of degeneration {unknown}
 o - a potion of might {unknown}
 q - a potion of curing {unknown}
 r - 2 potions of mutation {unknown}
 t - a potion of brilliance {unknown}


   Skills:
 * Level 4.1 Fighting
 - Level 1.7 Dodging
 + Level 3.9 Unarmed Combat
 - Level 2.0 Spellcasting
 + Level 3.2 Transmutations


You had 7 spell levels left.
You knew the following spells:

 Your Spells              Type           Power        Failure   Level
a - Beastly Appendage     Tmut           20%          6%          1

Your spell library contained the following spells:

 Spells                   Type           Power        Failure   Level
 Wereblood                Tmut           10%          10%         2
 Spider Form              Tmut/Pois      2%           36%         3
 Ice Form                 Ice/Tmut       5%           77%         4
 Blade Hands              Tmut           5%           87%         5


Dungeon Overview and Level Annotations

Branches:
Dungeon (3/15)

Altars:
Ru

Annotations:
D:2 Grinder, Terence


Innate Abilities, Weirdness & Mutations

Your plain brown scales are hard. (AC +5)
You cannot fit into any form of body armour.
You are cold-blooded and may be slowed by cold attacks.


Message History

Grinder gestures at you.
You barely resist.
Grinder says, "There's only one good use for a tongue: cutting it out."
Why would you want to do that?
You enter the shallow water.
Moving in this stuff is going to be slow.
The orc hits you with a +0 hand axe.
* * * LOW HITPOINT WARNING * * *
Your horns disappear.
Your talons disappear.
Grinder blinks!
You see here a mace.
Grinder blinks!
Grinder blinks!
Grinder gestures at you.
You suddenly lose the ability to move!
The orc hits you but does no damage. x2
Terence hits you with a +0 short sword.
* * * LOW HITPOINT WARNING * * *
The orc hits you with a +0 hand axe.
You die...

.......#....≈.≈≈.#
.###.....###.≈≈#.# ##
#.###....#≈...# #.#
####.#..### #.# #.#.## #.#
#...# #.# ##)## ####### #.#
#)####@....#### #.####
#.)..@o#....).##
#####.#######.≈≈.#.###..#
##≈≈≈≈≈..#####..≈≈#.@##≈.#
##≈≈≈≈≈≈≈≈......≈.≈≈≈..#..#
≈≈≈≈≈≈≈≈≈≈..###≈♣≈♣.≈).≈..#
##≈≈≈≈≈.≈≈≈.##.≈≈≈≈..≈..≈.#
#####≈≈≈≈≈.##.≈≈.≈#...≈≈.#
#.≈≈≈≈..##...♣.≈≈≈≈≈.##
#.≈≈≈≈...)<...≈.≈#≈..#


You could see Terence and an orc.

Vanquished Creatures
  Natasha (thrice) (D:2)
  3 gnolls (D:2)
  An adder (D:2)
  An ooze (D:2)
  A worm (D:2)
  2 dart slugs (D:1)
  2 leopard geckos (D:2)
  8 orcs (D:2)
  A ball python (D:2)
  2 bats (D:2)
  2 giant cockroaches
  4 goblins
  5 hobgoblins
  A frilled lizard (D:2)
  7 kobolds
  5 rats
48 creatures vanquished.

Notes
Turn   | Place    | Note
-------+----------+-------------------------------------------
     0 | D:1      | oldmanjim the Draconian Transmuter began the quest for the
                  | Orb.
     0 | D:1      | Reached XP level 1. HP: 16/16 MP: 3/3
   290 | D:1      | Reached XP level 2. HP: 20/24 MP: 5/5
   355 | D:1      | Reached skill level 2 in Fighting
   863 | D:2      | Reached XP level 3. HP: 25/30 MP: 6/6
  1115 | D:2      | Found a sacrificial altar of Ru.
  1238 | D:2      | Noticed Natasha
  1259 | D:2      | Killed Natasha
  1260 | D:2      | Reached skill level 3 in Fighting
  1278 | D:2      | Reached XP level 4. HP: 32/38 MP: 5/7
  1335 | D:2      | Noticed Natasha
  1347 | D:2      | Killed Natasha
  2017 | D:2      | Reached XP level 5. HP: 39/46 MP: 6/8
  2323 | D:2      | Found a sacrificial altar of Ru.
  2385 | D:2      | Noticed Natasha
  2396 | D:2      | Killed Natasha
  2397 | D:2      | Reached skill level 4 in Fighting
  3060 | D:3      | Noticed Grinder
  3060 | D:3      | Noticed Terence
  3199 | D:2      | HP: 2/46 [orc/+0 hand axe (4)]
  3210 | D:2      | Paralysed by Grinder for 4 turns
  3213 | D:2      | Slain by an orc

Illustrated notes

Levels and vault maps discovered:
D:1:      co_arrival_two_rings, layout_loops_ring
D:2:      layout_loops_ring, serial_rivers, chequers_serial_rivers_micro_d,
          chequers_serial_rivers_marsh, chequers_serial_rivers_large_a,
          chequers_serial_rivers_small_b, chequers_serial_rivers_marsh,
          nicolae_ru_sacrificial_ziggurat, uniq_natasha
D:3:      layout_basic, uniq_grinder, uniq_terence, uniq_ijyb, uniq_robin

Skill      XL: |  1  2  3  4  5 |
---------------+----------------+-----
Fighting       | 2 3 4 |  4.1
Transmutations | 3 |  3.2
Dodging        | |  1.7
Unarmed Combat | |  3.9
Spellcasting   | |  2.0

Action                   |  1- 3 |  4- 6 || total
-------------------------+-------+-------++-------
Melee: Unarmed           |    18 |    17 ||    35
       Tailslap          |     4 |     2 ||     6
       Punch             |     1 |       ||     1
       Kick              |       |     4 ||     4
       Headbutt          |       |     4 ||     4
 Fire: Hunting sling     |   104 |    73 ||   177
 Cast: Beastly Appendage |     1 |     6 ||     7
Armor: Skin              |    16 |    23 ||    39
Dodge: Dodged            |    46 |    58 ||   104
